 Dungeon Crawl Stone Soup version 0.26.1-11-gd32895ea62 (webtiles) character file.

Game seed: 14614865251483357494

163 Zeld the Slasher (level 5, -2/49 HPs)
             Began as a Palentonga Abyssal Knight on June 9, 2021.
             Was a Believer of Lugonu.
             Slain by an orc
             ... wielding a +0 war axe
              (11 damage)
             ... on level 3 of the Dungeon.
             The game lasted 00:02:38 (2807 turns).

Zeld the Slasher (Palentonga Abyssal Knight)        Turns: 2807, Time: 00:02:39

Health: -2/49      AC:  4    Str: 16    XL:     5   Next: 20%
Magic:  6/6        EV:  9    Int: 12    God:    Lugonu [**....]
Gold:   113        SH:  0    Dex: 10    Spells: 4/4 levels left

rFire    . . .     SeeInvis +   a - +1 falchion
rCold    . . .     Faith    .   (no shield)
rNeg     . . .     Spirit   .   b - +0 leather armour
rPois    .         Reflect  .   (no helmet)
rElec    .         Harm     .   (no cloak)
rCorr    .         Rampage  .   (no gloves)
Will     .....                  (no barding)
Stlth    +.........             (no amulet)
HPRegen  0.16/turn              (no ring)
MPRegen  0.10/turn              (no ring)

@: no status effects
A: large, rugged brown scales 3, see invisible, deformed body, roll 1, armoured
tail
a: Rolling Charge, Renounce Religion, Depart the Abyss, Bend Space


You were on level 3 of the Dungeon.
You worshipped Lugonu.
Lugonu was pleased with you.
You visited 1 branch of the dungeon, and saw 3 of its levels.
You visited the Abyss 1 time.

You collected 113 gold pieces.

Inventory:

Hand Weapons
 a - a +1 falchion (weapon)
Armour
 b - a +0 leather armour (worn)
Jewellery
 m - an uncursed ring of willpower {unknown}
 o - an uncursed amulet of regeneration {unknown}
Scrolls
 e - a scroll of remove curse {unknown}
 g - a scroll of magic mapping {unknown}
 j - a scroll of fog {unknown}
 k - a scroll of identify {unknown}
 l - a scroll of teleportation {unknown}
 n - a scroll of blinking {unknown}
 p - a scroll of fear {unknown}
Potions
 c - 4 potions of heal wounds {unknown}
 d - 2 potions of cancellation {unknown}
 f - a potion of flight {unknown}
 h - a potion of curing {unknown}
 i - 2 potions of brilliance {unknown}
 q - a potion of berserk rage {unknown}
 r - a potion of invisibility {unknown}
 s - a potion of resistance {unknown}
 t - a potion of haste {unknown}


   Skills:
 + Level 3.9 Fighting
 * Level 4.1 Long Blades
 - Level 1.5 Armour
 + Level 2.1 Dodging
 - Level 2.0 Invocations


You had 4 spell levels left.
You didn't know any spells.
Your spell library was empty.

Dungeon Overview and Level Annotations

Branches:
Dungeon (3/15)

Altars:


Innate Abilities, Weirdness & Mutations

You are completely covered in rugged brown scales. (AC +3, +7% HP)
You have supernaturally acute eyesight. (SInv)
Armour fits poorly on your strangely shaped body.
You can roll at nearby foes to attack.
You have a long armoured tail.


Message History

The weapon returns to the orc!
Unknown command.
The orc throws a boomerang.
The boomerang hits you but does no damage.
The weapon returns to the orc!
The giant cockroach closely misses you.
You riposte.
You hit the giant cockroach.
You kill the giant cockroach!
Lugonu accepts your kill.
The orc priest miscasts a cantrip.
The orc throws a boomerang.
The boomerang hits you but does no damage.
The weapon returns to the orc!
The orc priest calls down the wrath of Beogh upon you.
Beogh smites you!
* * * LOW HITPOINT WARNING * * *
The orc throws a boomerang.
The boomerang barely misses you.
The weapon returns to the orc!
You see here 11 stones.
The orc hits you with a +0 war axe!
You die...

#.#....<).......#####
######)##.........#
#............#
#..##........#
#...###........#
#.#............#
#.####.........# #
#...........#
...##..@.##### ###
####o..# #.#.# #J#.##
########(#..#
#......#..#.##
#......##o#..## .##
#......##o##..#
....#......##o....#


You could see an ooze and 3 orcs.

Vanquished Creatures
  An orc priest (D:2)
  Jessica (D:2)
  3 adders
  An ooze (D:3)
  2 dart slugs (D:2)
  2 leopard geckos (D:2)
  4 orcs
  12 bats
  4 giant cockroaches
  5 goblins (D:1)
  8 hobgoblins
  2 quokkas (D:2)
  5 ball pythons
  2 frilled lizards
  7 kobolds
  9 rats
68 creatures vanquished.

Notes
Turn   | Place    | Note
-------+----------+-------------------------------------------
     0 | Abyss:1  | Zeld the Palentonga Abyssal Knight began the quest for the
                  | Orb.
     0 | Abyss:1  | Reached XP level 1. HP: 20/20 MP: 2/2
    10 | Abyss:1  | Found a corrupted altar of Lugonu.
    47 | Abyss:1  | Found a corrupted altar of Lugonu.
    92 | Abyss:1  | Noticed an ancient zyme
    99 | Abyss:1  | Noticed an ancient zyme
   102 | D:1      | Escaped the Abyss
   589 | D:1      | Reached skill level 1 in Dodging
   616 | D:1      | Reached XP level 2. HP: 18/27 MP: 3/3
   744 | D:1      | Reached * piety under Lugonu
  1131 | D:1      | Reached XP level 3. HP: 33/33 MP: 4/4
  1454 | D:2      | Reached skill level 3 in Long Blades
  1726 | D:2      | Noticed Jessica
  1741 | D:2      | Killed Jessica
  1742 | D:2      | Reached XP level 4. HP: 35/40 MP: 5/5
  1771 | D:2      | Reached ** piety under Lugonu
  2522 | D:2      | Reached XP level 5. HP: 27/49 MP: 6/6
  2663 | D:3      | Reached skill level 4 in Long Blades
  2807 | D:3      | Slain by an orc

Illustrated notes

Levels and vault maps discovered:
D:1:      dpeg_arrival_yet_another_circle, layout_basic
D:2:      layout_rooms, minmay_ruptured, uniq_jessica
D:3:      layout_rooms, minmay_cut_off

Skill      XL: |  1  2  3  4  5 |
---------------+----------------+-----
Dodging        | 1 2 |  2.1
Long Blades    | 3 4 |  4.1
Fighting       | |  3.9
Armour         | |  1.5
Invocations    | |  2.0

Action                   |  1- 3 |  4- 6 || total
-------------------------+-------+-------++-------
Melee: Falchion          |   110 |    70 ||   180
       Tailslap          |     6 |    13 ||    19
Invok: Depart the Abyss  |     1 |       ||     1
 Abil: Rolling Charge    |    11 |     5 ||    16
Armor: Leather armour    |    47 |    38 ||    85
Dodge: Dodged            |    67 |    50 ||   117
       Rpst.: Falchion   |    18 |    12 ||    30
